 Dungeon Crawl Stone Soup version 0.22-a0-192-g6ffc940 (webtiles) character file.

511 KristoblXynda the Slasher (level 6, 0/51 HPs)
             Began as a Draconian Monk on Feb 16, 2018.
             Succumbed to a worker ant's poison
             ... on level 4 of the Dungeon.
             The game lasted 00:05:34 (2594 turns).

KristoblXynda the Slasher (Draconian Monk)          Turns: 2594, Time: 00:05:35

Health: 0/51       AC:  6    Str: 13    XL:     6   Next: 99%
Magic:  6/6        EV: 14    Int: 12    God:
Gold:   95         SH:  0    Dex: 14    Spells: 5/5 levels left

rFire    . . .     SeeInvis .   a - +0 falchion
rCold    . . .     Gourm    .   (no shield)
rNeg     . . .     Faith    .   (armour unavailable)
rPois    .         Spirit   .   (helmet restricted)
rElec    .         Reflect  .   (no cloak)
rCorr    .         Harm     .   (no gloves)
MR       .....                  (no boots)
Stlth    ++........             (no amulet)
HPRegen  0.17/turn              (no ring)
MPRegen  0.10/turn              (no ring)

@: lethally poisoned (0 -> -5)
A: unfitting armour, cold-blooded, AC +6
a: no special abilities


You were on level 4 of the Dungeon.
You were not hungry.

You visited 1 branch of the dungeon, and saw 4 of its levels.

You collected 95 gold pieces.

Inventory:

Hand Weapons
 a - a +0 falchion (weapon)
Armour
 c - a +0 buckler
Wands
 e - a wand of paralysis (17)
 n - a wand of acid (6)
Scrolls
 d - a scroll of noise {unknown}
 f - a scroll of immolation
 g - a scroll of remove curse {unknown}
 h - a scroll of amnesia {unknown}
 i - a scroll of fear {unknown}
 j - a scroll of fog {unknown}
 k - a scroll of identify {unknown}
 o - a scroll of teleportation {unknown}
Potions
 m - 2 potions of haste
Comestibles
 b - 9 rations


   Skills:
 - Level 3.2 Fighting
 * Level 6.7 Long Blades
 + Level 4.7 Dodging
 - Level 1.7 Stealth


You had 5 spell levels left.
You didn't know any spells.

Dungeon Overview and Level Annotations

Branches:
Dungeon (4/15)
 Temple: D:4-7

Altars:
Fedhas
Kikubaaqudgha


Innate Abilities, Weirdness & Mutations

Your plain brown scales are hard. (AC +6)
You cannot fit into any form of body armour.
You are cold-blooded and may be slowed by cold attacks.


Message History

You hit the ogre.
The ogre is almost dead.
You feel sick. The ogre hits you with a giant club!!
* * * LOW HITPOINT WARNING * * *
You hit the ogre.
You kill the ogre!
* * * LOW HITPOINT WARNING * * *
You feel sick.
Unknown command.
Okay, then.
Okay, then.
There is a lethal amount of poison in your body!
There is a lethal amount of poison in your body!
There is a lethal amount of poison in your body!
There is a lethal amount of poison in your body!
Unknown command.
* * * LOW HITPOINT WARNING * * *
You feel sick.
You eat one of the 10 rations.
That ration really hit the spot!
You die...

#######
#.....# #@#
###+#+##)###
#......<...#
#..........#
#............#
#.......>..###
#..........#
#..........#
#..........#


There were no monsters in sight!

Vanquished Creatures
  Grinder (D:3)
  An ogre (D:4)
  2 orc priests (D:3)
  Jessica (D:2)
  An orc wizard (D:3)
  A worker ant (D:4)
  2 adders
  An ooze (D:2)
  A worm (D:2)
  3 leopard geckos (D:3)
  6 orcs (D:3)
  2 bat skeletons (D:2)
  4 bat zombies (D:2)
  3 giant cockroaches
  5 goblins
  9 hobgoblins
  5 jackals
  3 kobolds
  2 quokkas
  2 ball pythons
  10 bats
  2 frilled lizards
  5 rats
72 creatures vanquished.

Notes
Turn   | Place    | Note
-------+----------+-------------------------------------------
     0 | D:1      | KristoblXynda the Draconian Monk began the quest for the Orb.
     0 | D:1      | Reached XP level 1. HP: 19/19 MP: 1/1
     0 | D:1      | Noticed a minotaur zombie
     0 | D:1      | Noticed a vine stalker
     1 | D:1      | Noticed an octopode
     7 | D:1      | Noticed an ogre
    14 | D:1      | Noticed a felid
    18 | D:1      | Noticed a formicid
    18 | D:1      | Noticed a dwarf
   105 | D:1      | Reached XP level 2. HP: 25/26 MP: 2/2
   711 | D:2      | Noticed Jessica
   714 | D:2      | Reached XP level 3. HP: 28/31 MP: 3/3
   744 | D:2      | Killed Jessica
   744 | D:2      | Reached skill level 4 in Long Blades
  1065 | D:2      | Reached XP level 4. HP: 36/38 MP: 4/4
  1197 | D:2      | Found an ancient bone altar of Kikubaaqudgha.
  1682 | D:3      | Reached skill level 5 in Long Blades
  1682 | D:3      | Reached XP level 5. HP: 12/45 MP: 5/5
  2362 | D:3      | Noticed Grinder
  2399 | D:3      | Killed Grinder
  2399 | D:3      | Reached skill level 6 in Long Blades
  2399 | D:3      | Reached XP level 6. HP: 40/51 MP: 6/6
  2448 | D:3      | Found a blossoming altar of Fedhas.
  2591 | D:4      | HP: 2/51 [poisoned by a worker ant]
  2594 | D:4      | Succumbed to a worker ant's poison

Vault maps used:
D:1:      shiori_arrival_whats_in_store_for_you, minivault_24
D:2:      kennysheep_vampire_church, first_ration, uniq_jessica
D:3:      old_standard_altar, minivault_25, uniq_grinder
D:4:      lemuel_round_altar, led_sif_book, nicolae_ru_path_of_blood,
          eat_drink_and_be_merry_uskayaw, minmay_rat_hole

Skill      XL: |  1  2  3  4  5 |
---------------+----------------+-----
Dodging        | 3 4 |  4.7
Long Blades    | 4 5 6 |  6.7
Fighting       | |  3.2
Stealth        | |  1.7

Action                   |  1- 3 |  4- 6 || total
-------------------------+-------+-------++-------
Melee: Falchion          |    89 |   154 ||   243
       Tailslap          |     8 |    19 ||    27
Evoke: Wand              |       |     2 ||     2
  Use: Scroll            |       |     1 ||     1
       Potion            |       |     7 ||     7
 Stab: Sleeping          |     4 |     3 ||     7
       Paralysed         |       |     6 ||     6
  Eat: Chunk             |     1 |     4 ||     5
       Ration            |       |     1 ||     1
Armor: Skin              |    16 |    35 ||    51
Dodge: Dodged            |    73 |   124 ||   197
       Rpst.: Falchion   |    18 |    37 ||    55

Table legend:
 A = Spawn XP
 B = Non-spawn XP
 C = Spawn XP percentage of total XP
 D = Spawn monster count
 E = Non-spawn monster count
 F = Spawn count percentage of total count
 G = Total turns spent on level
                    A         B        C        D         E        F      G
               +---------+---------+-------+---------+---------+-------+---------
         Total |       0 |     731 |   0.0 |       0 |      72 |   0.0 |  2594
               +---------+---------+-------+---------+---------+-------+---------
           D:1 |       0 |      26 |   0.0 |       0 |      17 |   0.0 |   698
           D:2 |       0 |     106 |   0.0 |       0 |      28 |   0.0 |   724
           D:3 |       0 |     445 |   0.0 |       0 |      25 |   0.0 |  1154
           D:4 |       0 |     154 |   0.0 |       0 |       2 |   0.0 |    18
               +---------+---------+-------+---------+---------+-------+---------
